 Dungeon Crawl Stone Soup version 0.31.0-7-gf635a9b802 (webtiles) character file.

Game seed: 8963200954345491093

6160 Flugkiller the Thaumaturge (level 11, -1/76 HPs)
             Began as a Djinni Monk on Jan 23, 2024.
             Was a Priest of Makhleb.
             Slain by a cane toad (16 damage)
             ... on level 1 of the Lair of Beasts.
             The game lasted 00:17:10 (8533 turns).

Flugkiller the Thaumaturge (Djinni Monk)            Turns: 8533, Time: 00:17:11

Health: -1/76      AC: 11    Str: 17    XL:     11   Next: 13%
Gold:   654        EV: 13    Int: 15    God:    Makhleb [***...] SH:  5 Dex: 17

rFire   + + .        n - +1 long sword (holy)
rCold   x . .        d - orb {light}
rNeg    . . .        o - +2 ring mail of Crawling {^Contam rElec Regen+ Dex+2}
rPois   ∞            (no helmet)
rElec   +            k - +0 cloak
rCorr   .            F - +1 pair of gloves
SInv    .            (boots unavailable)
Will    ++...        z - amulet of reflection
Stlth   +            p - +4 ring of protection
HPRegen 1.12/turn    a - ring "Siozi" {Will+ Str+3}
MPRegen 0.00/turn

%: reflection, infuse magic (-2 HP)
@: flying, glowing
A: sickness immunity, fire resistance 2, cold vulnerability 1, float, innate
caster, HP casting, extra vitality 1, deformed body, strong 1
a: Renounce Religion, Minor Destruction, Lesser Servant of Makhleb


You were on level 1 of the Lair of Beasts.
You worshipped Makhleb.
Makhleb was most pleased with you.
You visited 3 branches of the dungeon, and saw 11 of its levels.

You collected 654 gold pieces.

Inventory:

Hand Weapons
 n - a +1 long sword of holy wrath (weapon)
   (You found it on level 2 of the Dungeon)
 u - a +2 dagger of holy wrath
   (You found it on level 3 of the Dungeon)
 y - a +0 rapier
   (You found it on level 4 of the Dungeon)
 K - a +0 scimitar
   (You took it off an orc warrior on level 8 of the Dungeon)
Missiles
 M - a curare-tipped dart (quivered)
Armour
 d - an orb of light (worn)
 k - a +0 cloak (worn)
   (You found it on level 3 of the Dungeon)
 o - the +2 ring mail of Crawling (worn) {^Contam rElec Regen+ Dex+2}
   (You found it on level 2 of the Dungeon)

   Dex+2:     It affects your dexterity (+2).
   rElec:     It insulates you from electricity.
   ^Contam:   It causes magical contamination when unequipped.
   Regen+:    It increases your rate of health regeneration.
 F - a +1 pair of gloves (worn)
   (You found it on level 6 of the Dungeon)
Magical Staves
 l - a staff of fire
   (You found it on level 1 of the Dungeon)
 C - a staff of cold
   (You found it on level 5 of the Dungeon)
Jewellery
 a - the ring "Siozi" (right hand) {Will+ Str+3}
   (You found it on level 6 of the Dungeon)

   [ring of willpower]

   Str+3:     It affects your strength (+3).
   Will+:     It increases your willpower.
 m - an amulet of the acrobat
   (You found it on level 2 of the Dungeon)
 p - a +4 ring of protection (left hand)
   (You found it on level 5 of the Dungeon)
 z - an amulet of reflection (around neck)
   (You found it on level 4 of the Dungeon)
Wands
 e - a wand of quicksilver (18)
   (You took it off Jeremiah on level 7 of the Dungeon)
 g - a wand of iceblast (6)
   (You found it on level 5 of the Dungeon)
 J - a wand of flame (32)
   (You found it on level 7 of the Dungeon)
Scrolls
 f - 3 scrolls of fear
 j - 5 scrolls of immolation
 v - a scroll of enchant weapon
 A - 2 scrolls of revelation
 D - a scroll of poison
 H - 2 scrolls of fog
Potions
 b - a potion of magic {unknown}
 c - 2 potions of ambrosia
 h - 3 potions of haste
 i - 2 potions of enlightenment
 q - a potion of curing
 s - a potion of attraction
 x - a potion of brilliance {unknown}
 B - a potion of lignification
 E - a potion of might {unknown}
 G - a potion of degeneration {unknown}
 I - a potion of berserk rage


   Skills:
 - Level 6.0 Fighting
 + Level 5.0 Long Blades
 - Level 6.0 Dodging
 - Level 10.0 Spellcasting
 - Level 10.0 Conjurations
 - Level 10.0 Hexes
 - Level 10.0 Summonings
 - Level 10.0 Necromancy
 - Level 10.0 Translocations
 - Level 10.0 Fire Magic
 - Level 10.0 Ice Magic
 - Level 10.0 Air Magic
 - Level 10.0 Earth Magic
 - Level 10.0 Alchemy
 - Level 4.0 Invocations
 - Level 3.0 Evocations


You knew the following spells:

 Your Spells              Type           Power      Damage    Failure   Level
a - Kiss of Death         Conj/Necr      100%       2d13      1%          1
b - Call Imp              Summ           74%        N/A       1%          2
c - Dazzling Flash        Conj/Hex       74%        N/A       1%          3
d - Brom's Barrelling Bo  Conj/Erth      37%        2d6       3%          4
e - Yara's Violent Unrav  Hex/Alch       18%        3d9       9%          5
Your spell library was empty.

Dungeon Overview and Level Annotations

Branches:
Dungeon (9/15) Zot: 26122  Temple (1/1) D:6 Zot: 5891    Lair (1/5) D:8 Zot: 5707
    Orc (0/2) D:9

Altars:
Ashenzari
Cheibriados
Dithmenos
Elyvilon
Fedhas
Gozag
Hepliaklqana
Makhleb
Nemelex Xobeh
Okawaru
Qazlal
Ru
Trog
Uskayaw
Wu Jian
Xom
Yredelemnul
Zin
The Shining One

Shops:
D:5 :   D:9 [([(

Annotations:
D:7 1 runed translucent door, TobyConnect's ghost, novice TrEn


Innate Abilities, Weirdness & Mutations

You are immune to sickness and miasma.
You are immune to poison.
Your flesh is very heat resistant. (rF++)
You are vulnerable to cold. (rC-)
You float through the air rather than walking.
You learn spells naturally, not from books.
Your magical power is your life essence.
You have superior vitality. (+4 MHP)
Armour fits poorly on your strangely shaped body.
Your muscles are strong. (Str +4, Int/Dex -1)


Message History

The yak barely misses you. The yak attacks as it pursues you!
The yak gores you! The yak attacks as it pursues you! The yak gores you.
Casting: Dazzling Flash (safe; 1% risk of failure)
Confirm with . or Enter, or press ? or * to list all spells.
The yak is dazzled. x2; The yak gores you.
Casting: Dazzling Flash (safe; 1% risk of failure)
Confirm with . or Enter, or press ? or * to list all spells.
* * * LOW HITPOINT WARNING * * *
The yak completely misses you. The yak attacks as it pursues you!
The yak gores you!
* * * LOW HITPOINT WARNING * * *
Casting: Dazzling Flash (safe; 1% risk of failure)
Confirm with . or Enter, or press ? or * to list all spells.
The yak is dazzled.
* * * LOW HITPOINT WARNING * * *
The yak barely misses you.
Unknown command.
The yak is no longer blind.
The yak attacks as it pursues you! The yak gores you!
* * * LOW HITPOINT WARNING * * *
As you read the scroll of teleportation, it crumbles to dust.
You feel strangely unstable. The yak closely misses you.
Unknown command.
As you read the scroll of fear, it crumbles to dust.
You assume a fearsome visage.
The yak looks frightened! x4
Unknown command.
Your surroundings suddenly seem different.
Found a stone staircase leading down.
Unknown command.
There is a stone staircase leading down here.
You start resting.
HP restored.
You start waiting.
Done waiting.
There is a stone staircase leading down here.
A water moccasin comes into view.
The water moccasin hisses angrily.
A cane toad comes into view.
The cane toad gives a loud, deep croak!
Casting: Dazzling Flash (safe; 1% risk of failure)
Confirm with . or Enter, or press ? or * to list all spells.
The water moccasin bites you.
You hit the water moccasin.
The water moccasin is lightly wounded.
The water moccasin bites you.
You slash the water moccasin!
The water moccasin is heavily wounded.
The water moccasin closely misses you. x2
You barely miss the water moccasin.
The water moccasin is heavily wounded.
The water moccasin closely misses you. The water moccasin bites you.
You completely miss the water moccasin.
The water moccasin is heavily wounded.
The water moccasin barely misses you.
You closely miss the water moccasin.
The water moccasin is heavily wounded.
The water moccasin barely misses you. The water moccasin closely misses you.
Casting: Dazzling Flash (safe; 1% risk of failure)
Confirm with . or Enter, or press ? or * to list all spells.
The water moccasin is dazzled.
The water moccasin bites you but does no damage.
The cane toad stings you but does no damage.
You hit the water moccasin but do no damage.
The water moccasin is heavily wounded.
The water moccasin bites you but does no damage.
The water moccasin closely misses you. The cane toad stings you.
You hit the water moccasin.
The water moccasin is severely wounded.
The water moccasin bites you but does no damage.
The cane toad barely misses you. The water moccasin barely misses you.
You slash the water moccasin!
You kill the water moccasin!
Makhleb accepts your kill. The cane toad stings you! The cane toad stings you.
Your Long Blades skill increases to level 5!
Unknown command.
Unknown command.
Casting: Dazzling Flash (safe; 1% risk of failure)
Confirm with . or Enter, or press ? or * to list all spells.
The cane toad is dazzled.
The cane toad stings you.
You catch the helpless cane toad completely off-guard!
You hit the cane toad.
The cane toad is lightly wounded.
The cane toad completely misses you.
You are too injured to fight recklessly!
You slash the cane toad!
The cane toad is heavily wounded.
The cane toad stings you but does no damage.
The cane toad stings you!!
You are too injured to fight recklessly!
You hit the cane toad but do no damage.
The cane toad is heavily wounded.
The cane toad is no longer blind.
The cane toad barely misses you.
Casting: Dazzling Flash (safe; 1% risk of failure)
Confirm with . or Enter, or press ? or * to list all spells.
The cane toad stings you!!
* * * LOW HITPOINT WARNING * * *
You feel better. The cane toad closely misses you. The cane toad stings you!
You die...

## .# .# >##
..# ##### ..##
# ##.#.# ...#
###..####..>.#
...#
..........#F##
...#
........##@##
....
.........###
..##
.......### ..#
..###.# ...# .
## ..## .## ##


You could see a cane toad.

Vanquished Creatures
  A cyclops (D:7)
  A molten gargoyle (D:9)
  Jeremiah (D:7)
  Psyche (D:8)
  Sigmund (D:3)
  A yak (Lair:1)
  2 shadows
  3 water moccasins
  4 orc warriors
  2 ice beasts
  3 sky beasts
  2 ogres
  2 centaurs
  A phantom (D:5)
  4 kobold brigands
  3 bullfrogs
  7 scorpions
  4 wights (D:9)
  6 killer bees (D:6)
  2 howler monkeys (D:5)
  A bombardier beetle (D:5)
  3 hounds (D:5)
  2 orc priests (D:8)
  2 jellies (D:3)
  3 sleepcaps
  3 gnoll boudas (D:5)
  15 orc wizards
  4 iguanas
  9 gnolls (D:5)
  6 adders
  3 white imps
  An ufetubus (D:6)
  2 ribbon worms (D:2)
  3 dart slugs
  27 orcs
  9 bats
  5 endoplasms
  4 giant cockroaches
  6 goblins
  3 hobgoblins
  5 jackals (D:1)
  17 kobolds
  4 quokkas
  8 ball pythons
  3 frilled lizards (D:1)
  2 rats
201 creatures vanquished.

Vanquished Creatures (collateral kills)
  2 centaurs
  A scorpion (D:4)
  An orc priest (D:5)
  An orc wizard (D:5)
  A gnoll (D:5)
  5 kobolds
  7 boulders
18 creatures vanquished.

Vanquished Creatures (others)
  A gnoll (D:6)
  An orc (D:6)
  19 boulders
21 creatures vanquished.

Grand Total: 240 creatures vanquished

Notes
Turn   | Place    | Note
-------+----------+-------------------------------------------
     0 | D:1      | Flugkiller the Djinni Monk began the quest for the Orb.
     0 | D:1      | Reached XP level 1. HP: 20/20 MP: 0/0
    98 | D:1      | Reached XP level 2. HP: 25/25 MP: 0/0
   360 | D:1      | Reached XP level 3. HP: 28/30 MP: 0/0
   360 | D:1      | Learned a level 1 spell: Kiss of Death
  1091 | D:2      | Found a snail-covered altar of Cheibriados.
  1148 | D:2      | Reached XP level 4. HP: 35/36 MP: 0/0
  1201 | D:2      | Identified the +2 ring mail of Crawling {^Contam rElec
                  | Regen+ Dex+2}
  1671 | D:3      | You are sucked into a shaft and drop 2 floors!
  1671 | D:5      | Entered Level 5 of the Dungeon
  1831 | D:3      | Found a sacrificial altar of Ru.
  1836 | D:3      | Reached XP level 5. HP: 39/41 MP: 0/0
  1836 | D:3      | Learned a level 2 spell: Call Imp
  1937 | D:3      | Reached skill level 1 in Spellcasting
  1937 | D:3      | Reached skill level 1 in Conjurations
  1937 | D:3      | Reached skill level 1 in Hexes
  1937 | D:3      | Reached skill level 1 in Summonings
  1937 | D:3      | Reached skill level 1 in Necromancy
  1937 | D:3      | Reached skill level 1 in Translocations
  1937 | D:3      | Reached skill level 1 in Fire Magic
  1937 | D:3      | Reached skill level 1 in Ice Magic
  1937 | D:3      | Reached skill level 1 in Air Magic
  1937 | D:3      | Reached skill level 1 in Earth Magic
  1937 | D:3      | Reached skill level 1 in Alchemy
  1950 | D:3      | Noticed Sigmund
  1981 | D:3      | Killed Sigmund
  1982 | D:3      | Reached XP level 6. HP: 36/47 MP: 0/0
  2501 | D:4      | Noticed an ogre
  2568 | D:3      | Reached XP level 7. HP: 33/51 MP: 0/0
  2568 | D:3      | Learned a level 3 spell: Dazzling Flash
  3154 | D:5      | Reached skill level 5 in Spellcasting
  3154 | D:5      | Reached skill level 5 in Conjurations
  3154 | D:5      | Reached skill level 5 in Hexes
  3154 | D:5      | Reached skill level 5 in Summonings
  3154 | D:5      | Reached skill level 5 in Necromancy
  3154 | D:5      | Reached skill level 5 in Translocations
  3154 | D:5      | Reached skill level 5 in Fire Magic
  3154 | D:5      | Reached skill level 5 in Ice Magic
  3154 | D:5      | Reached skill level 5 in Air Magic
  3154 | D:5      | Reached skill level 5 in Earth Magic
  3154 | D:5      | Reached skill level 5 in Alchemy
  3154 | D:5      | Reached skill level 1 in Evocations
  3154 | D:5      | Reached XP level 8. HP: 58/58 MP: 0/0
  3729 | D:5      | Found Jethuwk's Book Shop.
  3893 | D:5      | Reached skill level 5 in Dodging
  4034 | D:6      | Identified the ring "Siozi" {Will+ Str+3}
  4087 | D:5      | Reached XP level 9. HP: 64/64 MP: 0/0
  4087 | D:5      | Learned a level 4 spell: Brom's Barrelling Boulder
  4136 | D:5      | Reached skill level 5 in Fighting
  4579 | D:6      | Found a staircase to the Ecumenical Temple.
  4588 | Temple   | Entered the Ecumenical Temple
  4643 | Temple   | Became a worshipper of Makhleb the Destroyer
  4643 | Temple   | Reached * piety under Makhleb
  4643 | Temple   | Reached ** piety under Makhleb
  4914 | D:6      | Gained mutation: You are frail. (-10% HP) [potion of
                  | mutation]
  4914 | D:6      | Gained mutation: You are strong-willed. (Will+) [potion of
                  | mutation]
  5015 | D:6      | Lost mutation: You are frail. (-10% HP) [potion of
                  | mutation]
  5015 | D:6      | Lost mutation: You are strong-willed. (Will+) [potion of
                  | mutation]
  5015 | D:6      | Gained mutation: Your muscles are strong. (Str +4, Int/Dex
                  | -1) [potion of mutation]
  5015 | D:6      | Gained mutation: Armour fits poorly on your strangely
                  | shaped body. [potion of mutation]
  5092 | D:7      | Found a runed translucent door.
  5095 | D:7      | Noticed TobyConnect's ghost (novice TrEn)
  5367 | D:7      | Noticed Jeremiah
  5443 | D:7      | Killed Jeremiah
  5444 | D:7      | Reached XP level 10. HP: 65/72 MP: 0/0
  5547 | D:7      | Noticed a cyclops
  5734 | D:7      | Reached skill level 1 in Invocations
  6192 | D:8      | Noticed a death yak
  6203 | D:8      | Noticed a death yak
  6203 | D:8      | Noticed a death yak
  6243 | D:8      | Found a staircase to the Lair.
  6377 | D:8      | Noticed Psyche
  6386 | D:8      | Killed Psyche
  6981 | D:8      | Reached *** piety under Makhleb
  7419 | D:9      | Found Osogeoc's Antique Weapon Shop.
  7439 | D:9      | Found Utaul's Armour Shoppe.
  7530 | D:9      | Found Yfietoym's Book Boutique.
  7718 | D:9      | Found Mipoji's Weapon Shop.
  7720 | D:9      | Found a staircase to the Orcish Mines.
  7724 | D:9      | Found Imuemp's Armour Shop.
  7837 | D:9      | Noticed a molten gargoyle
  7890 | D:9      | Noticed a molten gargoyle
  7931 | D:9      | Killed a molten gargoyle
  7932 | D:9      | Reached XP level 11. HP: 60/76 MP: 0/0
  7932 | D:9      | Learned a level 5 spell: Yara's Violent Unravelling
  8182 | D:7      | Killed a cyclops
  8183 | D:7      | Reached skill level 10 in Spellcasting
  8183 | D:7      | Reached skill level 10 in Conjurations
  8183 | D:7      | Reached skill level 10 in Hexes
  8183 | D:7      | Reached skill level 10 in Summonings
  8183 | D:7      | Reached skill level 10 in Necromancy
  8183 | D:7      | Reached skill level 10 in Translocations
  8183 | D:7      | Reached skill level 10 in Fire Magic
  8183 | D:7      | Reached skill level 10 in Ice Magic
  8183 | D:7      | Reached skill level 10 in Air Magic
  8183 | D:7      | Reached skill level 10 in Earth Magic
  8183 | D:7      | Reached skill level 10 in Alchemy
  8247 | Lair:1   | Entered Level 1 of the Lair of Beasts
  8528 | Lair:1   | Reached skill level 5 in Long Blades
  8533 | Lair:1   | Slain by a cane toad

Illustrated notes

Levels and vault maps discovered:
D:1:      heliophobic_arrival_dark_side_of_the_moon, layout_loops_ring,
          serial_bayou_pond_d
D:2:      layout_basic, serial_corexii_hall, chequers_hall_statues_y,
          chequers_hall_statues_y, basic_altar
D:3:      layout_basic, nicolae_ru_great_annihilating_truth, uniq_sigmund
D:4:      layout_rooms
D:5:      layout_loops_ring, serial_shops, nicolae_shop_just_a_little_nook
D:6:      layout_cave_pools, minmay_temple_entry_nine_rooms, hellmonk_no_cap
D:7:      layout_gridville, hellmonk_ghost_happy_afterlife,
          kennysheep_generic_room_2, uniq_jeremiah
D:8:      minmay_recursive_quarters, layout_loops_corners, dpeg_lair_monsters,
          uniq_psyche
D:9:      layout_long_grid, orc_david_3, serial_shops, shop, shop,
          nicolae_shop_bloodbath_and_beyond, shop, nicolae_shop_real_fake_doors,
          ebering_dispersal_statue_hall, minivault_8
Temple:   mainiacjoe_temple_starburst
Lair:1:   layout_cave_pods, minmay_shattered_shrine

Skill      XL: |  1  2  3  4  5  6  7  8  9 10 11 |
---------------+----------------------------------+-----
Long Blades    | 3 4 5 |  5.0
Dodging        | 4 5 6 |  6.0
Spellcasting   | 3 5 7 9 10 | 10.0
Conjurations   | 3 5 7 9 10 | 10.0
Hexes          | 3 5 7 9 10 | 10.0
Summonings     | 3 5 7 9 10 | 10.0
Necromancy     | 3 5 7 9 10 | 10.0
Translocations | 3 5 7 9 10 | 10.0
Fire Magic     | 3 5 7 9 10 | 10.0
Ice Magic      | 3 5 7 9 10 | 10.0
Air Magic      | 3 5 7 9 10 | 10.0
Earth Magic    | 3 5 7 9 10 | 10.0
Alchemy        | 3 5 7 9 10 | 10.0
Evocations     | 1 3 |  3.0
Fighting       | 4 6 |  6.0
Invocations    | 4 |  4.0

Action                     |  1- 3 |  4- 6 |  7- 9 | 10-12 || total
---------------------------+-------+-------+-------+-------++-------
  Melee: Falchion          |    61 |       |       |       ||    61
         Long sword        |    19 |   111 |   299 |   294 ||   723
   Cast: Call Imp          |       |     2 |    26 |    15 ||    43
         Dazzling Flash    |       |       |    27 |    30 ||    57
         Brom's Barrelling |       |       |       |    33 ||    33
         Yara's Violent Un |       |       |       |     2 ||     2
 Invoke: Minor Destruction |       |       |       |    13 ||    13
  Evoke: Wand              |       |       |     3 |     3 ||     6
    Use: Scroll            |       |     2 |     5 |    12 ||    19
         Potion            |       |     1 |     4 |     4 ||     9
   Stab: Paralysed         |       |     1 |       |       ||     1
         Invisible         |       |       |     6 |    10 ||    16
 Armour: Robe              |    43 |    14 |       |       ||    57
         Ring mail         |       |    54 |   398 |   282 ||   734
  Dodge: Dodged            |    74 |    82 |   492 |   248 ||   896
